 Dungeon Crawl Stone Soup version 0.18-a0-1577-gf591c28 (webtiles) character file.

25556 M4edhros the Peltast (level 13, 71/79 HPs)
             Began as an Octopode Artificer on Mar 19, 2016.
             Was an Initiate of Gozag.
             Starved to death
             ... on level 6 of the Lair of Beasts.
             The game lasted 01:00:29 (53114 turns).

M4edhros the Peltast (Octopode Artificer)          Turns: 53114, Time: 01:00:29

Health: 71/79      AC:  8    Str: 10    XL:     13   Next: 20%
Magic:  24/24      EV: 29    Int: 21    God:    Gozag
Gold:   1843       SH: 21    Dex: 22    Spells: 0 memorised, 12 levels left

rFire  . . .     SeeInvis .     D - +4 rapier (protect)
rCold  + . .     Gourm    .     C - +2 large shield
rNeg   . . .     Faith    .     V - +2 hat of Minor Irritation {MR- Int+6}
rPois  +         Spirit   .     v - amulet of dismissal
rElec  .         Dismiss  +     K - ring of protection from fire
rCorr  .         Reflect  .     L - ring of magical power
SustAt .         Harm     .     j - +5 ring of evasion
MR     .....                    W - ring "Nezxiom" {rF- MR+ Dex+5}
Stlth  +++.......               (no ring)
                                Q - +3 ring of evasion
                                (no ring)
                                (no ring)

@: fainting, not resistant to hostile enchantments, fairly stealthy
A: almost no armour, amphibious, 8 rings, constrict 8, beak, tentacle spike 2,
repulsion field 1, camouflage 1, blink, cold resistance 1, mutation resistance
1, poison resistance, robust 1, screaming 1, gelatinous body 2
a: Blink, Potion Petition, Call Merchant, Bribe Branch, Renounce Religion


You were on level 6 of the Lair of Beasts.
You worshipped Gozag.
Gozag was noncommittal.
You were fainting.

You visited 3 branches of the dungeon, and saw 15 of its levels.
You also visited: Sewer and Ice Cave.

You collected 4598 gold pieces.
You spent 1009 gold pieces at shops.
You paid 1746 gold pieces to Gozag.

Inventory:

Hand Weapons
 r - a +0 blowgun
 D - a +4 rapier of protection (weapon)
 R - the +9 hunting sling "Arbiter" {chaos, rElec rPois Int-2}
   (Xom gifted it to you in the Ecumenical Temple)

   Each time it fires, it turns the launched projectile into a different, random
   type of bolt.
   It affects your intelligence (-2).
   It insulates you from electricity.
   It protects you from poison.
Missiles
 p - 93 stones (quivered)
 G - 61 poisoned needles
 J - 16 sling bullets
Armour
 C - a +2 large shield (worn)
 V - the +2 hat of Minor Irritation (worn) {MR- Int+6}
   (Xom gifted it to you in the Ecumenical Temple)

   It affects your intelligence (+6).
   It affects your resistance to hostile enchantments.
Rods
 O - a +4 iron rod (11/11)
   (Xom gifted it to you in the Ecumenical Temple)
 U - a +3 iron rod (11/11)
   (Xom gifted it to you in the Ecumenical Temple)
Jewellery
 j - a +5 ring of evasion (on tentacle)
 v - an amulet of dismissal (around mantle)
 w - an uncursed ring of ice
 A - an uncursed ring of ice
 K - a ring of protection from fire (left tentacle)
 L - a ring of magical power (right tentacle)
 Q - a +3 ring of evasion (on tentacle)
 T - a +5 ring of dexterity {unknown}
 W - the ring "Nezxiom" (on tentacle) {rF- MR+ Dex+5}
   (You found it on level 2 of the Lair of Beasts)

   [ring of protection from magic]

   It affects your dexterity (+5).
   It makes you vulnerable to fire.
   It affects your resistance to hostile enchantments.
Wands
 a - a wand of iceblast (7/15)
 c - a wand of enslavement (13/24)
 d - a wand of random effects (8/48)
 g - a wand of acid (0/15)
 o - a wand of digging (21/24)
 N - a wand of polymorph (8/24)
Scrolls
 e - 2 scrolls of identify
 h - a scroll of remove curse
 m - 6 scrolls of immolation
 n - a scroll of recharging
 s - 2 scrolls of enchant weapon
 t - 2 scrolls of teleportation
 y - 2 scrolls of blinking
 H - a scroll of fog
 I - 3 scrolls of fear
 P - a scroll of brand weapon
Potions
 k - 2 potions of heal wounds
 l - 4 potions of might
 u - a potion of brilliance
 x - a potion of haste
 B - 3 potions of curing
 E - a potion of lignification
 F - 2 potions of ambrosia
 M - a potion of flight
 Y - a potion of magic
Books
 b - a book of Ice

   Spells                             Type                      Level
   a - Ice Form                       Ice/Transmutation            4
   b - Metabolic Englaciation         Hexes/Ice                    5
   c - Ozocubu's Refrigeration        Ice                          6
   d - Bolt of Cold                   Conjuration/Ice              6
   e - Freezing Cloud                 Conjuration/Ice/Air          6
   f - Simulacrum                     Ice/Necromancy               6
 f - a Grand Grimoire

   Spells                             Type                      Level
   a - Monstrous Menagerie            Summoning                    7
   b - Summon Greater Demon           Summoning                    7
   c - Malign Gateway                 Summoning/Translocation      7
   d - Summon Horrible Things         Summoning                    8
 i - a book of Beasts

   Spells                             Type                      Level
   a - Summon Butterflies             Summoning                    1
   b - Call Canine Familiar           Summoning                    3
   c - Summon Ice Beast               Ice/Summoning                4
   d - Summon Mana Viper              Hexes/Summoning              5
   e - Summon Hydra                   Summoning                    7
 q - a book of Battle

   Spells                             Type                      Level
   a - Infusion                       Charms                       1
   b - Shroud of Golubria             Charms/Translocation         2
   c - Song of Slaying                Charms                       2
   d - Spectral Weapon                Hexes/Charms                 3
   e - Regeneration                   Charms/Necromancy            3
 z - a book of Geomancy

   Spells                             Type                      Level
   a - Sandblast                      Earth                        1
   b - Passwall                       Transmutation/Earth          2
   c - Stone Arrow                    Conjuration/Earth            3
   d - Petrify                        Transmutation/Earth          4
   e - Lee's Rapid Deconstruction     Earth                        5
 S - a book of the Warp

   Spells                             Type                      Level
   a - Recall                         Summoning/Translocation      3
   b - Gell's Gravitas                Hexes/Translocation          3
   c - Force Lance                    Conjuration/Translocation    4
   d - Warp Weapon                    Charms/Translocation         5
   e - Summon Forest                  Summoning/Translocation      5
Miscellaneous
 Z - a disc of storms


   Skills:
 - Level 1.0 Fighting
 - Level 1.0 Short Blades
 + Level 10.8 Slings
 - Level 8.3 Dodging
 - Level 1.3 Stealth
 * Level 16.4 Shields
 - Level 3.2 Evocations


You had 12 spell levels left.
You didn't know any spells.

Dungeon Overview and Level Annotations

Branches:
Dungeon (9/15)             Temple (1/1) D:7            Lair (4/8) D:9
  Swamp (0/4) Lair:3        Slime (0/6) Lair:6
  Snake: Lair:3-6    Spider: Lair:3-6       Orc: D:9-12

Altars:
Ashenzari
Cheibriados
Dithmenos
Fedhas
Gozag
Kikubaaqudgha
Makhleb
Nemelex Xobeh
Okawaru
Pakellas
Qazlal
Ru
Sif Muna
Trog
Vehumet
Xom
Yredelemnul
Zin
The Shining One

Shops:
D:5 *   D:8 ==?[   D:9 (   Temple [(

Portals:
Volcano: Lair:4

Annotations:
D:2 Robin
Lair:2 exclusion: oklob plant
Lair:4 HandofTrog's ghost, journeyman TrHu; Sonja
Lair:6 M4edhros's ghost, journeyman OpAr


Innate Abilities, Weirdness & Mutations

You cannot wear most types of armour.
You are amphibious.
You can wear up to eight rings at the same time.
You can use your tentacles to constrict eight enemies at once.
Your skin changes colour to match your surroundings (Stealth).
Your pliable body absorbs attacks (AC +1, EV +1).
You have a beak for a mouth.
One of your tentacles bears a nasty spike.
You are surrounded by a mild repulsion field (EV +2).
You can translocate small distances at will.
Your flesh is cold resistant.
You are somewhat resistant to further mutation.
Your system is resistant to poisons.
You are robust (+10% HP).
You occasionally shout uncontrollably at your foes.


Message History

You feel strangely unstable.
Level annotation: M4edhros's ghost, journeyman OpAr Welcome back, M4edhros the Octopode Artificer.
Gozag says: Greed is good.
Press ? for a list of commands and other information.
Unknown command.
Your surroundings suddenly seem different.
You block the river rat's attack.
You shout at the river rat! 10 river rats come into view.
You hear an angry hiss.
You block the river rat's attack.
The river rat bites you but does no damage.
You block the river rat's attack. The river rat completely misses you.
Found a stone staircase leading up.
The river rat completely misses you.
A water moccasin comes into view.
You have starved to death.
You die...
Your body crumbles into a pile of gold.

....###..PW.....P....#.
#.......................
..............k.........
#...........rrr.........
.
#..............r........
.
..............rr........
.......P..##.rr.........
#......... #.rr.........
#..#.PP... #....@.S.....
..###P...# #...#.##..##.
#..##....# #....## ..#
#..P##..## #....# .#
?.P.P##.####....#
..P..P....##.....
...P......k.....
...............#
#...........


You could see a rime drake, a water moccasin and 10 river rats.

Vanquished Creatures
  A frost giant (IceCv)
  4 hydras
  2 death yaks (IceCv)
  Urug (Lair:3)
  A griffon (Lair:2)
  2 black mambas
  An ice statue (IceCv)
  2 spiny frogs
  A rime drake (Lair:3)
  A yaktaur (Lair:2)
  A komodo dragon (Lair:2)
  16 polar bears (IceCv)
  Prince Ribbit (D:7)
  Sigmund (D:6)
  26 yaks
  A golden eye (shapeshifter) (Lair:1)
  A hog (D:7)
  A human (D:7)
  A basilisk (Lair:2)
  3 hippogriffs
  8 water moccasins
  A hell hound (D:9)
  3 porcupines
  Duvessa (D:7)
  A sky beast (D:7)
  A slave (D:7)
  A black bear (D:8)
  2 eyes of draining
  5 ogres
  3 ice beasts
  4 phantoms
  22 wolves
  8 centaurs
  3 big kobolds
  6 giant frogs
  A water moccasin zombie (D:7)
  Dowan (D:7)
  3 scorpions
  9 killer bees
  2 crimson imps
  A giant frog zombie (D:6)
  12 jellies
  5 hounds
  2 orc priests
  3 orc wizards
  Terence (D:3)
  A centaur skeleton (D:8)
  Ijyb (D:3)
  5 iguanas
  3 worker ants
  A killer bee zombie (D:6)
  5 sheep
  A worker ant zombie (D:9)
  A howler monkey skeleton (D:9)
  6 gnolls (D:6)
  14 adders
  32 river rats
  3 shadow imps
  11 oozes
  A worm (D:6)
  A dart slug (D:1)
  2 giant geckos
  12 orcs
  3 bats
  5 giant cockroaches
  9 goblins
  4 hobgoblins
  16 jackals
  23 kobolds
  3 quokkas
  A ball python (Sewer)
  A giant gecko zombie (D:5)
  11 giant newts
  A quokka skeleton (D:5)
  8 rats
  A fungus (Lair:3)
  5 plants (Sewer)
368 creatures vanquished.

Vanquished Creatures (collateral kills)
  The ghost of Uhlv the Blocker, a novice DDFi of Makhleb (D:6)
  Pikel (D:7)
2 creatures vanquished.

Vanquished Creatures (others)
  3 slaves (D:7)
  A scorpion (D:4)
  A jelly (Lair:2)
  An orc wizard (D:5)
  A river rat (Lair:2)
  2 orcs (D:5)
  8 fungi (Lair:2)
  7 plants
24 creatures vanquished.

Grand Total: 394 creatures vanquished

Notes
Turn   | Place    | Note
--------------------------------------------------------------
     0 | D:1      | M4edhros the Octopode Artificer began the quest for the Orb.
     0 | D:1      | Reached XP level 1. HP: 13/13 MP: 3/3
   216 | D:1      | Reached XP level 2. HP: 11/18 MP: 4/4
   595 | D:1      | Reached XP level 3. HP: 23/23 MP: 5/5
   979 | D:2      | Found a snail-covered altar of Cheibriados.
  1404 | D:2      | Noticed Robin
  1430 | D:2      | Reached XP level 4. HP: 14/28 MP: 6/6
  1660 | D:3      | Noticed Ijyb
  1670 | D:3      | Killed Ijyb
  1753 | D:3      | Noticed Terence
  1834 | D:3      | Killed Terence
  1834 | D:3      | Reached skill level 5 in Dodging
  1834 | D:3      | Reached XP level 5. HP: 14/33 MP: 7/7
  2231 | D:5      | Entered Level 5 of the Dungeon
  2272 | D:4      | Reached XP level 6. HP: 34/38 MP: 8/8
  2556 | D:4      | Reached XP level 7. HP: 30/43 MP: 9/9
  3769 | D:5      | Reached skill level 1 in Shields
  3784 | D:5      | Found Beatyeh's General Store.
  3795 | D:5      | Bought a +3 rapier of protection for 239 gold pieces
  4418 | D:5      | Reached skill level 2 in Shields
  4504 | D:5      | Found an oddly glowing altar of Pakellas.
  4508 | D:5      | Found a radiant altar of Vehumet.
  4509 | D:5      | Found a shattered altar of Ashenzari.
  4578 | D:5      | Reached skill level 3 in Shields
  4578 | D:5      | Reached XP level 8. HP: 31/48 MP: 10/10
  4614 | D:5      | Reached skill level 4 in Shields
  4973 | D:6      | Noticed Uhlv's ghost (novice DDFi)
  5019 | D:6      | Reached skill level 5 in Shields
  5096 | D:6      | Found a glowing drain.
  5116 | Sewer    | Entered a sewer
  5741 | D:6      | Reached skill level 6 in Shields
  5840 | D:6      | Noticed Sigmund
  5868 | D:6      | Killed Sigmund
  5868 | D:6      | Reached skill level 7 in Shields
  6286 | D:6      | Reached XP level 9. HP: 41/53 MP: 11/11
  6294 | D:6      | Reached skill level 8 in Shields
  6299 | D:6      | Found a bloodstained altar of Trog.
  6357 | D:6      | Found a sparkling altar of Nemelex Xobeh.
  6357 | D:6      | Found a burning altar of Makhleb.
  6747 | D:7      | Noticed Prince Ribbit
  6844 | D:7      | Killed Prince Ribbit
  7150 | D:7      | Reached skill level 9 in Shields
  7511 | D:7      | Reached skill level 10 in Shields
  7573 | D:7      | Found a bloodstained altar of Trog.
  7578 | D:7      | Noticed Duvessa
  7753 | D:7      | Found a staircase to the Ecumenical Temple.
  7777 | Temple   | Entered the Ecumenical Temple
  7973 | Temple   | Became a worshipper of Xom the Tricky
  7987 | Temple   | XOM: silly message
  9604 | Temple   | XOM: harmless Divn miscast
 10072 | Temple   | XOM is BORED!
 10072 | Temple   | XOM: harmless Summ miscast
 10164 | Temple   | XOM: give mutations
 10164 | Temple   | Gained mutation: You are frail (-10% HP). [Xom's mischief]
 10164 | Temple   | Gained mutation: Scrolls take you a little longer to read. [Xom's mischief]
 10164 | Temple   | Gained mutation: You are weak. (Str -2) [Xom's mischief]
 10164 | Temple   | Gained mutation: You are clumsy. (Dex -2) [Xom's mischief]
 10752 | Temple   | XOM: harmless Tloc miscast
 10895 | Temple   | XOM: colour smoke trail
 10932 | Temple   | XOM: god gift: knobbly smoking rod {god gift}
 11152 | Temple   | XOM is BORED!
 11152 | Temple   | XOM: noise
 11441 | Temple   | XOM: harmless Necr miscast
 11854 | Temple   | XOM: medium Chrm miscast
 12097 | Temple   | XOM: give mutations
 12097 | Temple   | Gained mutation: You are very frail (-20% HP). [Xom's mischief]
 12097 | Temple   | Lost mutation: You are very frail (-20% HP). [Xom's mischief]
 12542 | Temple   | XOM: harmless Necr miscast
 12888 | Temple   | XOM: give mutations
 12888 | Temple   | Gained mutation: You are partially covered in thin metallic scales (AC +2). [Xom's grace]
 12888 | Temple   | Gained mutation: One of your tentacles bears a spike. [Xom's grace]
 12888 | Temple   | Gained mutation: One of your tentacles bears a nasty spike. [Xom's grace]
 12888 | Temple   | Lost mutation: You are weak. (Str -2) [Xom's grace]
 13157 | Temple   | XOM: colour smoke trail
 13844 | Temple   | XOM: stat loss: -1 Str (8/10)
 14074 | Temple   | XOM: colour smoke trail
 14452 | Temple   | XOM: colour smoke trail
 14542 | Temple   | XOM: torment (25/47 hp)
 14751 | Temple   | XOM: silly message
 14785 | Temple   | XOM: medium Summ miscast
 14792 | D:8      | Found Juseub's Magic Scroll Shoppe.
 14858 | D:6      | XOM: medium Summ miscast
 14883 | D:6      | XOM: draining
 15034 | D:6      | XOM: harmless Chrm miscast
 15049 | D:6      | XOM: enchant monster (bad)
 15056 | D:6      | XOM: stat loss: -1 Str (7/10)
 15117 | D:7      | XOM: smoke on damage
 15308 | Temple   | XOM: god gift: 48 gold pieces
 15933 | Temple   | XOM: god gift: 48 gold pieces
 16568 | Temple   | XOM: 3-stop teleportation journey
 16780 | Temple   | XOM: god gift: sharpened gold wand {god gift}
 16887 | Temple   | XOM: god gift: trident {god gift}
 18283 | Temple   | XOM: divination: detect creatures
 18484 | Temple   | XOM is BORED!
 18484 | Temple   | XOM: silly message
 19215 | Temple   | XOM is BORED!
 19215 | Temple   | XOM: harmless Pois miscast
 19589 | Temple   | XOM: divination: detect creatures
 20170 | Temple   | XOM: harmless Tloc miscast
 20219 | Temple   | XOM: silly message
 20261 | Temple   | XOM: divination: detect creatures
 20681 | Temple   | XOM: silly message
 21165 | Temple   | XOM: divination: detect creatures
 21168 | Temple   | XOM: harmless Necr miscast
 21229 | Temple   | XOM is BORED!
 21229 | Temple   | XOM: medium Necr miscast
 21514 | Temple   | XOM: divination: detect creatures
 21632 | Temple   | XOM: harmless Pois miscast
 22171 | Temple   | XOM: harmless Conj miscast
 22504 | Temple   | XOM: colour smoke trail
 22654 | Temple   | XOM: harmless Hex miscast
 22811 | Temple   | XOM: colour smoke trail
 23423 | D:6      | XOM: summons friendly iron imp
 23462 | D:6      | XOM: harmless Conj miscast
 23483 | D:6      | XOM: noise
 23505 | D:6      | XOM: summons friendly quasit
 23577 | D:6      | XOM: confuse monster(s)
 23597 | D:6      | XOM: harmless Divn miscast
 23615 | D:6      | XOM: vitrification
 23877 | Temple   | XOM: god gift: 2 needles of confusion
 24132 | Temple   | XOM is BORED!
 24132 | Temple   | XOM: give mutations
 24132 | Temple   | Gained mutation: Scrolls take you longer to read. [Xom's mischief]
 24132 | Temple   | Gained mutation: You occasionally shout uncontrollably at your foes. [Xom's mischief]
 24132 | Temple   | Gained mutation: You are dopey. (Int -2) [Xom's mischief]
 24186 | Temple   | XOM: 2-stop teleportation journey
 24413 | Temple   | XOM: god gift: smoking hunting sling {god gift}
 24414 | Temple   | Got a smoking hunting sling {god gift}
 24414 | Temple   | XOM: god gift: 4 meat rations
 24416 | Temple   | Identified the +9 hunting sling "Arbiter" {chaos, rElec rPois Int-2} (Xom gifted it to you in the Ecumenical Temple)
 24509 | Temple   | XOM: god gift: glowing battleaxe {god gift}
 24724 | Temple   | XOM: vitrification
 24825 | Temple   | XOM: god gift: scroll labeled ONOLUC TOSUA
 25267 | Temple   | XOM: vitrification
 25962 | Temple   | XOM: god gift: scroll labeled FOXZIE IKUO
 26001 | Temple   | XOM: medium Ice miscast
 26079 | Temple   | XOM: 2-stop teleportation journey
 26330 | Temple   | XOM: colour smoke trail
 26924 | Temple   | XOM: god gift: crooked glowing rod {god gift}
 26951 | Temple   | XOM: god gift: scroll of teleportation
 27083 | Temple   | XOM: mild Ice miscast
 27575 | Temple   | XOM: medium Summ miscast
 27652 | D:6      | XOM: enchant monster (good)
 27679 | D:6      | XOM: summons friendly crimson imp
 27703 | D:6      | XOM: confuse monster(s)
 27746 | D:6      | XOM: chaos cloud
 27792 | D:6      | XOM: harmless Air miscast
 28066 | Temple   | XOM: god gift: 920 gold pieces
 28131 | Temple   | XOM: give mutations
 28131 | Temple   | Gained mutation: You can translocate small distances at will. [Xom's grace]
 28131 | Temple   | Gained mutation: You are somewhat resistant to further mutation. [Xom's grace]
 28472 | Temple   | XOM: give mutation
 28472 | Temple   | Gained mutation: Your natural rate of healing is unusually fast. [Xom's grace]
 28962 | Temple   | XOM: god gift: pitted hat {god gift}
 28963 | Temple   | Got a pitted hat {god gift}
 28969 | Temple   | Identified the +2 hat of Minor Irritation {MR- Int+6} (Xom gifted it to you in the Ecumenical Temple)
 29319 | Temple   | XOM: cast spell 'Dragon Form'
 29334 | Temple   | XOM: god gift: club {god gift}
 29530 | Temple   | XOM is BORED!
 29530 | Temple   | XOM: summons 4 hostile demons
 29551 | D:7      | Noticed Dowan
 29554 | D:7      | Killed Duvessa
 29554 | D:7      | Reached skill level 1 in Slings
 29554 | D:7      | Reached XP level 10. HP: 52/52 MP: 12/12
 29561 | D:7      | Killed Dowan
 29714 | D:7      | Noticed Pikel
 29718 | D:7      | XOM: confusion (+ monsters)
 29759 | D:8      | Found Xoamuosk's Jewellery Boutique.
 29781 | D:8      | XOM: medium Conj miscast
 29854 | D:6      | XOM: mild Tloc miscast
 29857 | D:6      | XOM: butterfly on damage
 29908 | D:6      | XOM: cast spell 'Summon Dragon'
 29917 | D:6      | Killed Uhlv's ghost
 29917 | D:6      | Reached skill level 11 in Shields
 30061 | D:6      | XOM: confusion
 30074 | D:6      | XOM: stat loss: -1 Dex (13/14)
 30081 | D:6      | XOM: enchant monster (bad)
 30095 | D:6      | XOM: fog
 30116 | D:6      | XOM: noise
 30836 | Temple   | XOM: god gift: 14 royal jellies
 31153 | Temple   | XOM: noise
 31232 | Temple   | XOM: harmless Summ miscast
 31759 | Temple   | XOM: divination: detect creatures
 31896 | Temple   | XOM: harmless Ice miscast
 32498 | D:6      | XOM: silly message
 32499 | D:6      | XOM: cast spell 'Summon Small Mammal'
 32622 | D:6      | XOM: potion effect (might)
 32642 | D:6      | XOM: divination: detect creatures
 33007 | Temple   | XOM is BORED!
 33007 | Temple   | XOM: give mutation
 33007 | Temple   | Lost mutation: You are frail (-10% HP). [Xom's mischief]
 33226 | Temple   | XOM: god gift: 58 gold pieces
 33429 | Temple   | XOM: god gift: scroll of teleportation
 33846 | Temple   | XOM: vitrification
 34058 | Temple   | XOM: give mutations
 34058 | Temple   | Gained mutation: You are resistant to hostile enchantments. [Xom's grace]
 34058 | Temple   | Gained mutation: Your system is resistant to poisons. [Xom's grace]
 34239 | Temple   | XOM: god gift: black potion
 34245 | Temple   | XOM: god gift: 860 gold pieces
 35175 | Temple   | XOM: god gift: scroll labeled ONOLUC TOSUA
 35282 | Temple   | XOM: god gift: scroll labeled FOXZIE IKUO
 35558 | Temple   | XOM: god gift: disc of storms
 35953 | Temple   | XOM: harmless Air miscast
 35963 | Temple   | XOM: silly message
 36963 | Temple   | XOM is BORED!
 36963 | Temple   | XOM: give mutations
 36963 | Temple   | Lost mutation: You are somewhat resistant to further mutation. [Xom's mischief]
 36963 | Temple   | Lost mutation: You are resistant to hostile enchantments. [Xom's mischief]
 36963 | Temple   | Lost mutation: Scrolls take you longer to read. [Xom's mischief]
 36998 | Temple   | XOM: vitrification
 37199 | Temple   | XOM: cast spell 'Necromutation'
 37224 | Temple   | XOM: god gift: glowing long sword {god gift}
 37326 | Temple   | XOM: 1-stop teleportation journey
 37552 | Temple   | XOM: god gift: quarterstaff {god gift}
 37767 | Temple   | XOM: divination: detect creatures
 38161 | D:6      | XOM: summons friendly white imp
 38165 | D:6      | XOM: silly message
 38234 | D:6      | XOM: cast spell 'Call Canine Familiar'
 38235 | D:6      | XOM: enchant monster (bad)
 38299 | D:6      | XOM: potion effect (invisibility)
 38361 | D:6      | XOM: noise
 38393 | D:6      | XOM: harmless Chrm miscast
 38404 | D:6      | XOM: potion effect (agility)
 38405 | D:6      | XOM: silly message
 38489 | D:6      | XOM: cast spell 'Olgreb's Toxic Radiance'
 38492 | D:6      | XOM: harmless Pois miscast
 38510 | D:6      | XOM: noise
 38519 | D:6      | XOM: confuse monster(s)
 38574 | D:6      | XOM: give mutations
 38574 | D:6      | Lost mutation: You are dopey. (Int -2) [Xom's mischief]
 38574 | D:6      | Gained mutation: You are dopey. (Int -2) [Xom's mischief]
 38574 | D:6      | Lost mutation: You are clumsy. (Dex -2) [Xom's mischief]
 38574 | D:6      | Gained mutation: You have a pair of small antennae on your head. [Xom's mischief]
 38627 | D:6      | XOM: noise
 38667 | D:6      | XOM: blink monster(s)
 38670 | D:6      | XOM: swap monsters
 38674 | D:6      | XOM: confuse monster(s)
 38687 | D:6      | XOM: summons friendly iron imp
 38714 | D:6      | XOM: summons 3 friendly demons
 39170 | Temple   | XOM: mild Conj miscast
 39199 | Temple   | XOM: god gift: 35 gold pieces
 39464 | Temple   | XOM: mild Divn miscast
 39639 | D:7      | XOM: medium Erth miscast
 39657 | D:7      | XOM: cast spell 'Shadow Creatures'
 39658 | D:7      | XOM: enchant monster (bad)
 39703 | D:7      | XOM: noise
 39750 | Temple   | XOM: colour smoke trail
 39792 | Temple   | XOM: noise
 39825 | Temple   | XOM: noise
 40245 | Temple   | XOM: noise
 40339 | Temple   | XOM: mild Hex miscast
 40822 | D:7      | XOM: potion effect (brilliance)
 40825 | D:7      | XOM: divination: detect creatures
 40874 | D:7      | XOM: cast spell 'Cause Fear'
 40876 | D:7      | XOM: enchant monster (good)
 40917 | D:7      | XOM: divination: magic mapping
 40942 | D:7      | XOM: confusion (+ monsters)
 40951 | D:7      | XOM: divination: detect creatures
 41029 | Temple   | XOM: give mutations
 41029 | Temple   | Lost mutation: You have a pair of small antennae on your head. [Xom's mischief]
 41029 | Temple   | Lost mutation: You are partially covered in thin metallic scales (AC +2). [Xom's mischief]
 41029 | Temple   | Gained mutation: You expend magic power (3 MP) to strengthen your wands. [Xom's mischief]
 41115 | Temple   | XOM: colour smoke trail
 41282 | Temple   | XOM: harmless Divn miscast
 41421 | D:7      | XOM: give mutations
 41421 | D:7      | Gained mutation: You have a beak for a mouth. [Xom's mischief]
 41421 | D:7      | Gained mutation: You are very dopey. (Int -4) [Xom's mischief]
 41421 | D:7      | Gained mutation: Scrolls take you longer to read. [Xom's mischief]
 41421 | D:7      | Lost mutation: You are very dopey. (Int -4) [Xom's mischief]
 41424 | D:7      | Noticed a salamander
 41424 | D:7      | an eye of draining changed into a salamander
 41424 | D:7      | XOM: polymorph eye of draining -> salamander
 41453 | D:7      | XOM: confuse monster(s)
 41472 | D:7      | XOM: noise
 41486 | D:7      | Noticed a lindwurm
 41504 | D:7      | XOM: potion effect (berserk rage)
 41508 | D:7      | a lindwurm changed into a wind drake
 41641 | D:6      | XOM: harmless Fire miscast
 41702 | D:7      | XOM: cast spell 'Call Canine Familiar'
 41716 | D:7      | Noticed an eye of devastation
 41716 | D:7      | XOM: summons 3 friendly demons
 41725 | D:7      | Killed Pikel
 41749 | D:7      | XOM: enchant monster (good)
 41876 | D:7      | XOM: torment (30/58 hp)
 41930 | D:7      | HP: 1/58 [merfolk (shapeshifter) (16)]
 42070 | D:7      | XOM: give mutations
 42070 | D:7      | Gained mutation: You are robust (+10% HP). [Xom's grace]
 42070 | D:7      | Gained mutation: One of your tentacles bears a large vicious spike. [Xom's grace]
 42198 | D:7      | XOM: polymorph killer bee -> jelly
 42210 | D:7      | XOM: enchant monster (good)
 42524 | Temple   | XOM: god gift: 41 gold pieces
 42530 | Temple   | XOM: give mutations
 42530 | Temple   | Gained mutation: You possess an exceptional clarity of mind. [Xom's grace]
 42530 | Temple   | Gained mutation: You are surrounded by a mild repulsion field (EV +2). [Xom's grace]
 43410 | Temple   | XOM: divination: detect creatures
 43856 | Temple   | XOM: medium Summ miscast
 43866 | D:7      | XOM: cast spell 'Confusing Touch'
 43872 | D:7      | XOM: enchant monster (bad)
 44642 | Temple   | XOM is BORED!
 44642 | Temple   | XOM: stat loss: -1 Str (9/10)
 45261 | Temple   | XOM: noise
 46178 | Temple   | XOM: mild Summ miscast
 46946 | Temple   | XOM: give mutation
 46946 | Temple   | Gained mutation: Your flesh is cold resistant. [Xom's grace]
 46973 | Temple   | Fell from the grace of Xom
 46973 | Temple   | Became a worshipper of Gozag Ym Sagoz the Greedy
 47234 | D:8      | XOM: give mutations
 47234 | D:8      | Lost mutation: You are dopey. (Int -2) [Xom's mischief]
 47234 | D:8      | Lost mutation: You occasionally shout uncontrollably at your foes. [Xom's mischief]
 47234 | D:8      | Lost mutation: Scrolls take you longer to read. [Xom's mischief]
 47234 | D:8      | Lost mutation: You expend magic power (3 MP) to strengthen your wands. [Xom's mischief]
 47627 | D:8      | Found Egruz's Jewellery Boutique.
 47632 | D:8      | Bought a +5 ring of evasion for 715 gold pieces
 47830 | D:8      | Found Lisonup's Armour Emporium.
 47859 | D:9      | XOM: noise
 47908 | D:9      | Reached skill level 5 in Slings
 48141 | D:9      | Found Tias's Weapon Shop.
 48270 | D:9      | Found a staircase to the Lair.
 48363 | Lair:1   | Entered Level 1 of the Lair of Beasts
 48364 | Lair:1   | XOM: vitrification
 48372 | Lair:1   | Reached skill level 12 in Shields
 48518 | D:5      | Bought a bread ration for 55 gold pieces
 48624 | D:9      | XOM: give mutations
 48624 | D:9      | Lost mutation: Your natural rate of healing is unusually fast. [Xom's mischief]
 48624 | D:9      | Lost mutation: Scrolls take you a little longer to read. [Xom's mischief]
 48624 | D:9      | Gained mutation: Your body sometimes deteriorates upon taking damage. [Xom's mischief]
 48624 | D:9      | Lost mutation: Your body sometimes deteriorates upon taking damage. [Xom's mischief]
 48931 | Lair:1   | XOM: mild Tloc miscast
 49260 | Lair:2   | Noticed a griffon
 49266 | Lair:2   | Killed a griffon
 49266 | Lair:2   | Reached XP level 11. HP: 69/69 MP: 13/13
 49377 | Lair:2   | Noticed a four-headed hydra
 49387 | Lair:2   | Killed a four-headed hydra
 49474 | Lair:2   | Got a steaming platinum ring
 49505 | Lair:2   | Identified the ring "Nezxiom" {rF- MR+ Dex+5} (You found it on level 2 of the Lair of Beasts)
 49516 | Lair:2   | HP: 1/69 [komodo dragon (46)]
 49886 | Lair:2   | Noticed an oklob plant
 49940 | Lair:2   | Reached skill level 13 in Shields
 50309 | Lair:2   | Lost mutation: You possess an exceptional clarity of mind. [potion of mutation]
 50309 | Lair:2   | Gained mutation: You are somewhat resistant to further mutation. [potion of mutation]
 50321 | Lair:2   | XOM: summons 9 hostile demons
 50429 | Lair:2   | Noticed a five-headed hydra
 50437 | Lair:2   | Killed a five-headed hydra
 50597 | Lair:2   | Noticed a six-headed hydra
 50663 | Lair:2   | XOM: stat loss: -1 Int (20/21)
 50861 | Lair:2   | Reached skill level 14 in Shields
 50926 | Lair:3   | Found a staircase to the Swamp.
 50926 | Lair:3   | Noticed a six-headed hydra
 51024 | Lair:3   | Noticed Urug
 51056 | Lair:3   | Killed a six-headed hydra
 51056 | Lair:3   | Reached XP level 12. HP: 61/74 MP: 14/14
 51068 | Lair:3   | Killed Urug
 51228 | Lair:3   | XOM: summons 4 hostile demons
 51274 | Lair:3   | XOM: give mutations
 51274 | Lair:3   | Lost mutation: One of your tentacles bears a large vicious spike. [Xom's mischief]
 51274 | Lair:3   | Gained mutation: Your pliable body absorbs attacks (AC +1, EV +1). [Xom's mischief]
 51394 | Lair:3   | XOM: give mutations
 51394 | Lair:3   | Gained mutation: You occasionally shout uncontrollably at your foes. [Xom's mischief]
 51405 | Lair:3   | Found a frozen archway.
 51412 | Lair:3   | Killed a six-headed hydra
 51426 | IceCv    | Entered an ice cave
 51463 | IceCv    | XOM: 1-stop teleportation journey
 51464 | IceCv    | Noticed a frost giant
 51487 | IceCv    | Killed a frost giant
 51487 | IceCv    | Reached skill level 15 in Shields
 51550 | IceCv    | XOM: 2-stop teleportation journey
 51728 | IceCv    | Noticed a death yak
 51823 | IceCv    | Reached skill level 10 in Slings
 52087 | IceCv    | XOM: enchant monster (bad)
 52186 | IceCv    | Noticed a death yak
 52218 | IceCv    | Killed a death yak
 52224 | IceCv    | Reached XP level 13. HP: 39/79 MP: 15/15
 52232 | IceCv    | Reached skill level 16 in Shields
 52410 | IceCv    | XOM: mild Divn miscast
 52934 | Lair:4   | Noticed Sonja
 52950 | Lair:4   | Noticed HandofTrog's ghost (journeyman TrHu)
 52967 | Lair:4   | Found a dark tunnel.
 53036 | Lair:4   | You fall through a shaft for 2 floors!
 53038 | Lair:6   | Paralysed by fainting for 8 turns
 53048 | Lair:6   | Paralysed by fainting for 10 turns
 53069 | Lair:6   | Paralysed by fainting for 6 turns
 53073 | Lair:6   | Noticed M4edhros's ghost (journeyman OpAr)
 53079 | Lair:6   | Paralysed by fainting for 10 turns
 53099 | Lair:6   | Found a staircase to the Slime Pits.
 53114 | Lair:6   | Starved to death

Vault maps used:
D:1:      lemuel_arrival_muddy, serial_bayou, serial_bayou_pond_c,
          serial_bayou_pond_a, serial_bayou_pond_c, serial_bayou_pond_d,
          wad_floor_pattern_1
D:2:      lemuel_crystal_altar, kennysheep_generic_room_7, uniq_robin
D:3:      elyvilon_altar_4, uniq_iyjb, uniq_terence, uniq_grinder, uniq_jessica
D:4:      minivault_25
D:5:      grunt_temple_overflow_open, first_bread, serial_bayou,
          serial_bayou_pond_c, serial_bayou_ford_a, serial_bayou_shore_a,
          serial_bayou_shore_b, serial_bayou_crossing, serial_shops, shop
D:6:      gammafunk_temple_overflow_wave, trog_eyes_of_draining,
          gup_sewer_entry_bubbles, uniq_sigmund
D:7:      minmay_temple_entry_purple_smoke, basic_altar, serial_bayou_lagoon_a,
          grunt_ministairs_2, grunt_livestock, uniq_duvessa,
          uniq_prince_ribbit1, uniq_pikel
D:8:      serial_shops, shop, shop, nicolae_shop_behind_doors, shop
D:9:      minmay_lair_entry_lava, serial_shops, shop
Temple:   oiseaux_autumnal_temple_12
Lair:2:   lemuel_slime, nicolae_lair_grove_arrangements, minivault_25,
          infiniplex_staircase_pool_2
Lair:3:   minmay_swamp_entry_reptiles, portal_ice_cave_entry_pillars_01,
          uniq_urug
Lair:4:   enter_volcano_3, serial_bayou_shore_b, grunt_megastairs_4,
          lemuel_fruit_tree, uniq_nergalle, uniq_sonja
Lair:6:   nicolae_slime_entry_slimehenge, grunt_megastairs_2,
          lemuel_fruit_fields
Sewer:    sewer_co_scattered_pipes
IceCv:    ice_cave_caverns_01

Skill      XL: |  1  2  3  4  5  6  7  8  9 10 11 12 13 |
---------------+----------------------------------------+-----
Dodging        | 3 4 5 6 7 8 |  8.3
Shields        | 3 7 10 12 14 15 16 | 16.4
Slings         | 1 6 8 10 | 10.8
Fighting       | |  1.0
Short Blades   | |  1.0
Stealth        | |  1.3
Evocations     | |  3.2

Action                   |  1- 3 |  4- 6 |  7- 9 | 10-12 | 13-15 || total
-------------------------+-------+-------+-------+-------+-------++-------
Melee: Short sword       |    75 |    58 |       |       |       ||   133
       Dagger            |       |    44 |    29 |       |       ||    73
       Rapier            |       |       |   424 |   176 |    12 ||   612
       Whip              |       |       |    18 |       |       ||    18
       Long sword        |       |       |       |    15 |       ||    15
       Hunting sling     |       |       |       |     1 |       ||     1
 Fire: Hunting sling     |       |       |     5 |   855 |   131 ||   991
Invok: Call Merchant     |       |       |       |     2 |       ||     2
 Abil: Blink             |       |       |       |     2 |       ||     2
Evoke: Wand              |       |     6 |    15 |     3 |     1 ||    25
       Rod               |       |       |       |     2 |       ||     2
  Use: Potion            |       |     6 |     8 |     6 |       ||    20
       Scroll            |       |       |     5 |    13 |     6 ||    24
 Stab: Sleeping          |    12 |     8 |    12 |       |       ||    32
       Paralysed         |       |       |     3 |       |       ||     3
       Distracted        |       |       |     1 |       |       ||     1
       Invisible         |       |       |     1 |       |       ||     1
  Eat: Chunk             |     1 |     4 |    16 |     2 |       ||    23
       Fruit             |       |       |     1 |    10 |       ||    11
       Beef jerky        |       |       |     3 |     2 |       ||     5
       Pizza             |       |       |     7 |       |       ||     7
       Meat ration       |       |       |     6 |     3 |       ||     9
       Bread ration      |       |       |     5 |     3 |       ||     8
       Royal jelly       |       |       |       |    14 |       ||    14
